AoeStats
← GPA_PureViolence

Arena

510157524Analyzed
4v4 RM · 2d ago on Sep 29, 2026· 50m 2s· 8 players
Game mode
Random Map
Map size
Large (8 player)
Population
200
Speed
Normal
Resources
Standard
Victory
Conquest
Starting age
Dark Age
Ending age
Imperial Age
RankedLock teamsTeams togetherTeam positionsShared explorationLock speedFull tech treeHidden civsTurbo modeCheats
Victory
Defeat
🇩🇪 Franks · Germany
1578
+14
🇩🇪 Saxons · Germany
1552
+15
🇬🇧 Mongols · United Kingdom
1506
+17
🇭🇷 Bohemians · Croatia
1467
+18
🇹🇷 Cumans · Türkiye
1637
-20
🇹🇷 Armenians · Türkiye
1622
-20
🇹🇷 Japanese · Türkiye
1441
-13
🇹🇷 Varangians · Türkiye
1398
-11
GPA_PureViolence
10:11 Feudal Age
10:40 Man-at-Arms
11:43 Long Swordsman
15:24 Pikeman
21:16 Double-Bit Axe
21:49 Horse Collar
24:13 Gold Mining
26:39 Castle Age
25:04 Scale Mail Armor
29:04 Wheelbarrow
28:15 Loom
29:10 Gambesons
29:57 Chain Mail Armor
30:48 Bow Saw
31:53 Stone Mining
32:43 Squires
32:26 Halberdier
32:40 Two-Handed Swordsman
33:43 Arson
34:10 Forging
42:11 Imperial Age
41:01 Heavy Plow
43:26 Gold Shaft Mining
43:22 Conscription
45:31 Fereters
45:33 Champion
47:23 Plate Mail Armor
48:05 Chemistry
48:06 Iron Casting
48:04 Fortified Wall
49:41 Hoardings
50:50 Blast Furnace
49:41 Fletching
49:55 Padded Archer Armor
GPA_Heimdallr
11:34 Feudal Age
11:57 Loom
13:49 Double-Bit Axe
13:54 Horse Collar
14:05 Gold Mining
16:24 Castle Age
15:33 Scale Mail Armor
17:00 Forging
19:09 Arson
19:45 Squires
20:04 Gambesons
20:23 Gambesons
28:10 Wheelbarrow
27:21 Town Watch
27:32 Stone Mining
29:29 Chain Mail Armor
29:49 Iron Casting
29:58 Bow Saw
32:48 Heavy Plow
33:26 Stone Shaft Mining
33:24 Pikeman
34:01 Fletching
34:49 Scale Barding Armor
39:49 Imperial Age
39:13 Chain Barding Armor
40:19 Elite Varangian Guard
43:12 Plate Mail Armor
44:21 Blast Furnace
46:01 Gothikon
47:02 Conscription
GPA_Unreal
5:54 Loom
8:31 Feudal Age
9:00 Double-Bit Axe
18:17 Horse Collar
19:38 Gold Mining
21:37 Wheelbarrow
29:33 Castle Age
27:45 Padded Archer Armor
27:56 Forging
27:51 Scale Barding Armor
30:26 Bloodlines
29:59 Capped Ram
30:57 Bow Saw
31:55 Chain Barding Armor
32:42 Gold Shaft Mining
32:08 Heavy Plow
34:15 Iron Casting
35:57 Stone Mining
42:44 Imperial Age
43:15 Hand Cart
43:04 Elite Steppe Lancer
44:36 Plate Barding Armor
45:46 Blast Furnace
47:31 Siege Ram
48:12 Light Cavalry
GPA_PisagorAmca
10:07 Feudal Age
9:06 Loom
13:24 Fletching
24:32 Castle Age
22:33 Double-Bit Axe
25:22 Bodkin Arrow
25:28 Padded Archer Armor
26:25 Leather Archer Armor
26:52 Ballistics
28:23 Bow Saw
28:22 Gold Mining
35:51 Thumb Ring
38:35 Imperial Age
36:53 Wheelbarrow
39:29 Gold Shaft Mining
40:00 Parthian Tactics
39:36 Bracer
40:13 Bloodlines
40:09 Murder Holes
40:29 Fortified Wall
41:00 Parthian Tactics
41:36 Ring Archer Armor
43:15 Chemistry
Fac Et Spera
7:41 Feudal Age
6:29 Loom
9:07 Fletching
12:26 Double-Bit Axe
13:14 Horse Collar
17:16 Wheelbarrow
21:41 Castle Age
20:35 Stone Mining
22:22 Bodkin Arrow
22:24 Gold Mining
22:49 Bow Saw
22:45 Heavy Plow
24:33 Bloodlines
27:37 Town Watch
37:18 Imperial Age
35:38 Husbandry
36:52 Ballistics
36:40 Thumb Ring
37:17 Padded Archer Armor
39:15 Chemistry
38:16 Bracer
39:41 Parthian Tactics
40:11 Conscription
40:50 Fortified Wall
41:18 Leather Archer Armor
41:48 Elite Mangudai
44:28 Capped Ram
44:51 Light Cavalry
45:38 Scale Barding Armor
45:43 Forging
46:07 Hand Cart
45:44 Hussar
46:47 Chain Barding Armor
46:52 Siege Ram
47:55 Drill
50:09 Iron Casting
Benni
10:07 Feudal Age
13:47 Castle Age
12:01 Horse Collar
12:07 Double-Bit Axe
15:37 Bow Saw
21:49 Wheelbarrow
21:00 Loom
22:17 Scale Mail Armor
22:27 Forging
22:52 Gold Mining
23:05 Squires
23:44 Chain Mail Armor
27:33 Hand Cart
29:55 Gold Shaft Mining
32:14 Imperial Age
30:37 Stone Mining
32:03 Iron Casting
31:16 Arson
31:17 Gambesons
32:41 Town Watch
33:28 Conscription
33:41 Plate Mail Armor
32:36 Elite Varangian Guard
32:57 Shield Wall
33:53 Fletching
35:06 Two-Man Saw
34:08 Heavy Plow
35:20 Coinage
40:18 Banking
39:59 Guilds
40:32 Bodkin Arrow
40:59 Ballistics
41:39 Chemistry
40:50 Masonry
41:07 Fortified Wall
41:23 Bracer
47:58 Capped Ram
49:50 Siege Engineers
18 on berries
9:34 Feudal Age
14:02 Castle Age
13:13 Scale Barding Armor
13:55 Forging
14:23 Light Cavalry
19:11 Loom
20:30 Wheelbarrow
20:38 Double-Bit Axe
24:32 Bow Saw
30:23 Stone Mining
30:30 Gold Mining
32:15 Town Watch
37:13 Imperial Age
35:38 Gold Shaft Mining
35:24 Husbandry
36:12 Chain Barding Armor
36:52 Hand Cart
37:23 Ballistics
38:01 Iron Casting
37:27 Scale Mail Armor
38:43 Plate Barding Armor
38:11 Chivalry
38:32 Conscription
37:34 Cavalier
38:37 Fletching
39:48 Chemistry
39:55 Blast Furnace
39:06 Paladin
39:45 Elite Throwing Axeman
42:05 Siege Engineers
42:05 Bodkin Arrow
43:57 Masonry
43:27 Treadmill Crane
46:17 Scale Mail Armor
47:00 Architecture
46:25 Murder Holes
49:55 Chain Mail Armor
Rumpel the Idle
7:16 Loom
9:36 Feudal Age
11:06 Man-at-Arms
15:42 Wheelbarrow
15:21 Scale Mail Armor
34:26 Castle Age
33:31 Double-Bit Axe
33:29 Horse Collar
38:08 Chemistry
38:13 Padded Archer Armor
40:19 Bow Saw
41:25 Heavy Plow
43:41 Pikeman
44:22 Squires
48:56 Imperial Age
47:41 Leather Archer Armor
47:42 Chain Mail Armor
47:37 Forging
48:41 Hand Cart
49:03 Houfnice
Connection lost

Rejoining the realm…

Still unreachable

The connection could not be restored.

Session expired

The server has moved on; the page needs a fresh start.